 Dungeon Crawl Stone Soup version 0.31-a0-876-gfe8ebadbca (webtiles) character file.

Game seed: 4260931638844524625

38 kae the Changeling (level 3, 0/40 HPs)
             Began as a Demigod Shapeshifter on Oct 13, 2023.
             Slain by a goblin
             ... wielding a +0 club
             ... led by Robin
              (4 damage)
             ... on level 2 of the Dungeon.
             The game lasted 00:00:47 (1174 turns).

kae the Changeling (Demigod Shapeshifter)           Turns: 1174, Time: 00:00:47

Health: 0/40       AC: 21    Str: 15    XL:     3   Next: 10%
Magic:  5/5        EV:  2    Int: 12    God:
Gold:   74         SH:  0    Dex: 17    Spells: 2/2 levels left

rFire   . .          .
                       - Unarmed
rCold   . . .        (no shield)
rNeg    . . .        a - melded +0 animal skin
rPois   +            (helmet currently unavailable)
rElec   .            (cloak currently unavailable)
rCorr   .            (gloves currently unavailable)
SInv    .            (boots currently unavailable)
Will    .....        (no amulet)
Stlth   ++           (no ring)
HPRegen 0.26/turn    (no ring)
MPRegen 0.09/turn

%: no passive effects
@: tree-form
A: stationary, stasis, torment immunity, boosted hp, high MP 1, forlorn, divine
attributes
a: no special abilities


You were on level 2 of the Dungeon.
You were a tree.
You visited 1 branch of the dungeon, and saw 2 of its levels.

You collected 74 gold pieces.


Innate Abilities, Weirdness & Mutations

You are a tree.
Your roots penetrate the ground, keeping you stationary.
You cannot be teleported.
You are immune to unholy pain and torment.
Your maximum health is greatly increased.
Your equipment is partially melded.
You have an increased reservoir of magic. (+10% MP)
You shall have no god before yourself.
Your divine heritage dramatically boosts your attributes as you level up.


   Skills:
 - Level 0.8 Fighting
 - Level 1.7 Dodging
 - Level 2.6 Unarmed Combat
 + Level 3.8 Shapeshifting


You had 2 spell levels left.
You didn't know any spells.
Your spell library was empty.

Inventory:

Hand Weapons
 h - a +0 dagger
   (You took it off a goblin on level 1 of the Dungeon)
Missiles
 e - 13 stones
Armour
 a - a +0 animal skin (melded)
Magical Staves
 i - a staff of earth {!a}
   (You found it on level 1 of the Dungeon)
Talismans
 c - a beast talisman
 d - a flux talisman
Scrolls
 l - a scroll of fog
Potions
 f - a potion of enlightenment
 k - a potion of magic

Dungeon Overview and Level Annotations

Branches:
Dungeon (2/15) Zot: 10827

#. ####.# #. #.....
## #. #.#### ..
#.#########.#
###.#...........#
#.......#########
#...............
#.)####.#..####.
#gg♣).........#
)....gg####.#...###
......g #.#...#
......g #.#...#
....... #.#.###
....... #....
###.... ### #####


You could see a hobgoblin (strong) and 5 goblins.


Message History

You are now empty-handed.
You barely miss the goblin. The goblin hits you but does no damage.
The goblin hits you with a +0 dagger.
The goblin hits you but does no damage. x2 😮 HP[-3]
You take 3 damage, and now have 20/33 hp.
You hit the goblin.
You kill the goblin!
The goblin hits you but does no damage. The goblin barely misses you.
The goblin hits you with a +0 dagger. 😮 HP[-3]
You take 3 damage, and now have 17/33 hp.
You cannot move.
You cannot move.
You completely miss the goblin. The goblin hits you but does no damage.
The goblin hits you with a +0 club.
* * * LOW HITPOINT WARNING * * *
The goblin hits you but does no damage. 😨 HP[-1]
You take 1 damage, and now have 16/33 hp.
You smack the goblin!
You kill the goblin!
Robin throws the goblin at you! The goblin hits you but does no damage.
The goblin barely misses you. 😮 HP[+1]
You cannot move.
You cannot move.
You closely miss the goblin.
The goblin hits you but does no damage. x3
You closely miss the goblin.
The goblin hits you but does no damage. x3
You closely miss the goblin. The goblin hits you with a +0 club.
* * * LOW HITPOINT WARNING * * *
Robin hits you but does no damage.
The goblin hits you but does no damage. x2 😨 HP[-4]
You take 4 damage, and now have 13/33 hp.
You closely miss the goblin.
The goblin no longer looks unusually strong. x2
The goblin hits you with a +0 club.
* * * LOW HITPOINT WARNING * * *
Robin hits you but does no damage.
The goblin hits you but does no damage. x2 😨 HP[-1]
You take 1 damage, and now have 12/33 hp.
You smack the goblin!
You kill the goblin!
The goblin no longer looks unusually strong.
The goblin hits you but does no damage. x2
Robin says, "My army is invincible!"
Robin roars a battlecry!
The goblins go into a battle-frenzy!
You smack Robin!
The hobgoblin no longer looks unusually strong.
The goblin no longer looks unusually strong.
The goblin hits you but does no damage. x2
Robin roars a battlecry!
The goblins go into a battle-frenzy!
You hit Robin. The goblin barely misses you.
The goblin hits you but does no damage. Robin hits you but does no damage.
You barely miss Robin. The goblin hits you but does no damage.
The goblin hits you with a +0 club.
* * * LOW HITPOINT WARNING * * *
Robin throws the goblin at you!
You barely miss Robin. You barely miss Robin.
The goblin hits you but does no damage. x3
You barely miss Robin.
The goblin no longer looks unusually strong.
The goblin hits you but does no damage. x3; Robin hits you but does no damage.
You smack Robin!
You kill Robin!
The goblin hits you but does no damage. The goblin hits you with a +0 dagger.
* * * LOW HITPOINT WARNING * * *
The goblin hits you with a +0 club.
* * * LOW HITPOINT WARNING * * *
You have reached level 3!
Your experience leads to a dramatic increase in your attributes!
Increase (S)trength, (I)ntelligence, or (D)exterity?
You feel agile. x4 😱 HP[-2] MP[+1]
You now have 40 max hp (+7).
Your mp is fully restored (5).
You closely miss the goblin.
The goblin no longer looks unusually strong. x3
The goblin hits you but does no damage. x4 😨 HP[+1]
You barely miss the goblin. The goblin barely misses you.
The goblin hits you but does no damage. x3
You smack the goblin!
You kill the goblin!
The goblin hits you with a +0 club.
* * * LOW HITPOINT WARNING * * *
The goblin hits you but does no damage. x2 😱 HP[-3]
You take 3 damage, and now have 8/40 hp.
You hit the goblin.
You kill the goblin!
The goblin hits you but does no damage. x2
You hit the goblin.
You kill the goblin!
The goblin hits you but does no damage. The goblin hits you with a +0 dagger.
* * * LOW HITPOINT WARNING * * *
😱 HP[-4]
You take 4 damage, and now have 4/40 hp.
You closely miss the goblin. The goblin hits you with a +0 club.
You die...

Skill      XL: |  1 |
---------------+----+-----
Shapeshifting  | 3 |  3.8
Fighting       | |  0.8
Dodging        | |  1.7
Unarmed Combat | |  2.6

Action                     || total
---------------------------++-------
  Melee: Dagger            ||    66
         Unarmed           ||    28
         Punch             ||     2
    Use: Scroll            ||     4
         Potion            ||     1
 Armour: Animal skin       ||    39
         Skin              ||    79
  Dodge: Dodged            ||    42

Levels and vault maps discovered:
D:1:      dpeg_arrival_water_temple_mockup, layout_basic, grunt_decor_junction,
          columned_hall_lemuel
D:2:      layout_basic, uniq_robin

Notes
Turn   | Place    | Note
-------+----------+-------------------------------------------
     0 | D:1      | kae the Demigod Shapeshifter began the quest for the Orb.
     0 | D:1      | Reached XP level 1. HP: 15/15 MP: 3/3
     0 | D:1      | magus.rc [v1.11.3]
   230 | D:1      | Reached skill level 3 in Shapeshifting
   610 | D:1      | Reached XP level 2. HP: 19/22 MP: 4/4
  1145 | D:2      | Noticed Robin
  1168 | D:2      | Killed Robin
  1168 | D:2      | HP: 8/33 [goblin/+0 club[Robin] (1)]
  1169 | D:2      | Reached XP level 3. HP: 10/27 MP: 5/5
  1173 | D:2      | HP: 4/40 [goblin/+0 dagger[Robin] (5)]
  1174 | D:2      | Slain by a goblin

Vanquished Creatures
  Robin (D:2)
  A dart slug (D:1)
  2 ball pythons (D:1)
  An endoplasm (D:1)
  A giant cockroach (D:2)
  3 hobgoblins
  2 jackals (D:1)
  2 frilled lizards (D:1)
  8 goblins
  A rat (D:1)
22 creatures vanquished.

Table legend:
 A = Non-vault XP
 B = Vault XP
 C = Vault XP percentage of total XP
 D = Non-vault monster count
 E = Vault monster count
 F = Vault count percentage of total count
                 A         B        C        D         E       F
            +---------+---------+-------+---------+---------+-------
      Total |      28 |      27 |  49.1 |      15 |       7 |  31.8
            +---------+---------+-------+---------+---------+-------
        D:1 |      24 |       0 |   0.0 |      13 |       0 |   0.0
        D:2 |       4 |      27 |  87.1 |       2 |       7 |  77.8
            +---------+---------+-------+---------+---------+-------

Skill      XL: |  1 |
---------------+----+-----
Shapeshifting  | 3 |  3.8
Fighting       | |  0.8
Dodging        | |  1.7
Unarmed Combat | |  2.6

Action                     || total
---------------------------++-------
  Melee: Dagger            ||    66
         Unarmed           ||    28
         Punch             ||     2
    Use: Scroll            ||     4
         Potion            ||     1
 Armour: Animal skin       ||    39
         Skin              ||    79
  Dodge: Dodged            ||    42

Illustrated notes

Table legend:
 A = Kills in this place as a percentage of kills in the entire game.
 B = Kills by you in this place as a percentage of kills by you in the entire game.
 C = Kills by friends in this place as a percentage of kills by friends in the entire game.
 D = Other kills in this place as a percentage of other kills in the entire game.
 E = Experience gained in this place as a percentage of experience gained in the entire game.
 F = Experience gained in this place divided by the number of levels of this place that you have seen.
                   A       B       C       D       E      F
               +-------+-------+-------+-------+-------+----------------------
         Total | 100.0 | 100.0 |   N/A |   N/A | 100.0 |  27.5
       Dungeon | 100.0 | 100.0 |   N/A |   N/A | 100.0 |  27.5
               +-------+-------+-------+-------+-------+----------------------

Table legend: (Time is in decaauts)
 A = Elapsed time spent in this place.
 B = Non-inter-level travel time spent in this place.
 C = Inter-level travel time spent in this place.
 D = Time resting spent in this place.
 E = Time spent auto-exploring this place.
 F = Levels seen in this place.
 G = Mean time per level.
                   A        B        C        D        E       F      G
               +--------+--------+--------+--------+--------+-----+--------+
         Total |   1171 |   1107 |     64 |      0 |    947 |   2 |  585.5 |
       Dungeon |   1171 |   1107 |     64 |      0 |    947 |   2 |  585.5 |
               +--------+--------+--------+--------+--------+-----+--------+

Top non-repeatable levels by time:
     D:1: 996 daAuts
     D:2: 175 daAuts
